Map: Star Station TE

Players

Ecrotoss

  • Race: Protoss Protoss
  • Spawn Location: 11:00

couchman - Winner!

  • Race: Terran Terran
  • Spawn Location: 5:00

VOD

Have the link to the VOD?

Description

Time

  • Played on: Dec. 13, 2021, 10:17 p.m.
  • Length: 13:37
Show
View Real Time Build Order
Export as new Build Order

Ecrotoss Protoss 

Build Orders: Double Forge 

Get SALT Encoding   

  12  0:00  Probe  
  13  0:12  Probe  
  14  0:19  Pylon  
  14  0:24  Probe  
  15  0:34  Assimilator  
  15  0:37  Probe  
  16  0:49  Probe  
  17  0:50  Gateway  
  17  1:01  Probe (Chrono Boost)  
  18  1:13  Probe (Chrono Boost)  
  19  1:19  Assimilator  
  19  1:22  Probe (Chrono Boost)  
  20  1:31  Pylon  
  20  1:37  Pylon  
  20  1:41  Pylon  
  20  1:48  Cybernetics Core  
  20  1:49  Forge  
  20  1:53  Probe  
  21  1:56  Zealot (Chrono Boost)  
  23  2:05  Probe  
  24  2:21  Zealot (Chrono Boost)  
  26  2:29  Warp Gate (Chrono Boost)  
  26  2:30  Twilight Council  
  26  2:31  Gateway  
  26  3:10  Pylon, Zealot  
  28  3:22  Nexus  
  28  3:26  Assimilator  
  28  3:37  Stalker  
  28  3:41  Protoss Ground Weapons Level 1  
  30  3:48  Forge  
  30  3:51  Pylon  
  30  3:59  Pylon  
  30  4:04  Pylon  
  30  4:22  Robotics Facility  
  30  4:40  Pylon  
  30  4:44  Gateway  
  30  4:45  Gateway  
  30  4:54  Probe  
  31  5:07  Probe  
  32  5:09  Pylon  
  31  5:19  Probe  
  30  5:29  Charge (Chrono Boost)  
  30  5:42  Probe  
  31  5:48  Zealot x2  
  31  5:49  Zealot  
  37  5:54  Probe, Protoss Ground Weapons Level 2  
  38  5:59  Protoss Ground Armor Level 1  
  38  6:06  Probe  
  38  6:07  Probe  
  40  6:15  Assimilator  
  41  6:18  Probe  
  41  6:19  Probe  
  41  6:21  Photon Cannon  
  42  6:26  Photon Cannon  
  42  6:30  Probe  
  43  6:49  Nexus  
  43  6:52  Pylon  
  43  6:55  Pylon  
  43  6:59  Warp Prism (Chrono Boost)  
  45  7:15  Pylon  
  45  7:19  Assimilator  
  45  7:27  Observer  
  45  7:29  Zealot x2  
  50  7:30  Zealot x2  
  54  7:37  Blink  
  54  7:46  Stargate  
  54  7:58  Photon Cannon  
  54  8:01  Photon Cannon  
  48  8:22  Photon Cannon  
  48  8:26  Photon Cannon  
  48  8:28  Void Ray (Chrono Boost)  
  52  8:49  Stalker  
  50  9:21  Stalker  
  50  10:07  Zealot x3  
  52  10:26  Void Ray  
  48  10:29  Nexus  
  52  10:38  Pylon  
  52  10:43  Pylon  
  52  10:45  Photon Cannon  
  52  10:48  Probe  
  53  11:00  Probe  
  54  11:11  Photon Cannon  
  54  11:12  Probe  
  54  11:19  Photon Cannon  
  54  11:25  Stalker x3  
  54  11:26  Stalker  
  44  11:48  Void Ray  
  44  11:59  Photon Cannon  
  44  12:01  Photon Cannon  
  38  12:34  Zealot x3  
  38  12:35  Zealot  
  46  12:46  Pylon  
  42  12:58  Probe  
  36  13:03  Sentry  
  38  13:09  Zealot  
  38  13:10  Probe  
  41  13:22  Probe  
Show
View Real Time Build Order
Export as new Build Order

couchman Terran - Winner!

Build Orders:  

Get SALT Encoding   

  12  0:01  SCV  
  13  0:13  SCV  
  14  0:19  Supply Depot  
  14  0:25  SCV  
  15  0:41  SCV  
  16  0:46  Barracks  
  16  0:53  SCV  
  17  1:01  Supply Depot  
  17  1:05  SCV  
  18  1:17  SCV  
  19  1:18  Refinery  
  19  1:19  Refinery  
  19  1:24  Supply Depot  
  19  1:29  SCV  
  20  1:35  Marine  
  21  1:41  SCV  
  22  1:47  Supply Depot  
  22  1:54  SCV  
  23  2:02  Barracks Tech Lab  
  23  2:06  SCV  
  24  2:10  Supply Depot  
  24  2:18  SCV  
  25  2:29  Command Center  
  25  2:40  Orbital Command  
  25  2:43  Marine  
  26  2:51  Combat Shield  
  26  3:01  Marine  
  27  3:06  SCV  
  28  3:18  SCV  
  29  3:29  Marine  
  29  3:30  SCV  
  31  3:40  Engineering Bay  
  31  3:42  SCV  
  31  3:47  Marine, Factory  
  33  3:50  SCV  
  33  3:55  SCV  
  35  4:02  SCV  
  36  4:05  Marine  
  36  4:07  SCV, Bunker  
  38  4:14  SCV  
  39  4:19  SCV  
  40  4:26  SCV  
  41  4:35  Factory Reactor  
  41  4:38  SCV  
  41  4:39  Starport  
  41  4:45  Armory  
  42  4:46  Terran Infantry Weapons Level 1  
  42  4:47  Stimpack  
  42  4:50  SCV  
  43  4:53  Refinery  
  43  4:54  SCV  
  44  5:02  SCV  
  44  5:07  SCV  
  45  5:14  SCV  
  45  5:19  SCV  
  46  5:27  SCV  
  44  5:30  Marine  
  44  5:33  Starport Tech Lab  
  45  5:42  Terran Ship Weapons Level 1  
  45  5:43  Fusion Core  
  45  5:48  Marine  
  46  6:02  Barracks  
  46  6:04  SCV x2  
  47  6:06  Marine  
  49  6:11  Refinery  
  49  6:16  SCV  
  49  6:17  SCV  
  51  6:24  Marine  
  52  6:26  Concussive Shells  
  52  6:28  SCV  
  52  6:29  SCV  
  52  6:30  Widow Mine x2  
  58  6:37  Battlecruiser  
  64  6:40  SCV  
  64  6:41  Marine, Weapon Refit  
  64  6:46  Command Center  
  66  6:50  Barracks  
  66  6:52  Widow Mine x2  
  70  6:56  Barracks Tech Lab  
  70  7:36  Terran Vehicle And Ship Armor Level 1  
  70  7:39  Barracks  
  70  7:57  Marine  
  70  7:58  Marauder, Widow Mine x2  
  77  8:01  Supply Depot  
  77  8:15  Marine  
  77  8:19  Marauder  
  80  8:20  Barracks Tech Lab  
  80  8:24  Supply Depot  
  80  8:25  Battlecruiser  
  86  8:33  Marine  
  87  8:40  Marauder  
  89  8:46  Supply Depot  
  89  8:50  Marine  
  89  8:52  Marauder  
  92  9:02  Marauder, Barracks Tech Lab  
  94  9:08  Marine  
  95  9:10  Supply Depot  
  95  9:14  Marauder  
  95  9:16  SCV  
  98  9:23  Marauder  
  100  9:26  Marine  
  100  9:28  SCV  
  102  9:33  Supply Depot  
  102  9:35  Marauder  
  104  9:40  SCV  
  104  9:44  Marine  
  106  9:52  SCV  
  107  9:58  Supply Depot  
  107  10:04  SCV  
  107  10:14  Refinery  
  99  10:24  Refinery  
  100  10:35  Reaper  
  100  10:36  Reaper x3  
  103  10:47  Planetary Fortress, Bunker  
  103  10:52  Orbital Command  
  103  11:07  Reaper  
  103  11:08  Reaper x3  
  107  11:14  Battlecruiser  
  107  11:16  Bunker  
  114  11:40  Reaper x4  
  111  12:12  Reaper x4  
  115  12:18  Battlecruiser  
  113  12:44  Reaper x4  
Tags
 
Matchup
PvT
Replay Pack
re
Spawn Locations
Cross Positions
Add a new tag
Caveats
  • Supply blocks, unpowered buildings, or Contaminate may cause inaccurate times.
  • Supply counts are checked every 10 seconds.